 Dungeon Crawl Stone Soup version 0.18-a0-5-gf1fb587 (webtiles) character file.

53 st0uf the Vexing (level 3, 0/28 HPs)
             Began as a Naga Enchanter on Oct 31, 2015.
             Slain by a gnoll
             ... wielding a +0 halberd
              (12 damage)
             ... on level 2 of the Dungeon.
             The game lasted 00:12:12 (1469 turns).

st0uf the Vexing (Naga Enchanter)                   Turns: 1469, Time: 00:12:12

Health: 0/28       AC:  3    Str: 10    XL:     3   Next: 89%
Magic:  0/6        EV: 10    Int: 18    God:
Gold:   97         SH:  0    Dex: 12    Spells: 2 memorised, 2 levels left

rFire  . . .     SeeInvis +     a - +1 dagger
rCold  . . .     Clarity  .     b - +1 robe
rNeg   . . .     SustAt   .     (no shield)
rPois  +         Gourm    .     (no helmet)
rElec  .         Spirit   .     (no cloak)
rCorr  .         Warding  .     (no gloves)
rMut   .         Stasis   .     (no barding)
MR     .....                    (no amulet)
Stlth  +++.......               (no ring)
                                v - +3 ring of intelligence

@: short of breath, very slow, not resistant to hostile enchantments, fairly
stealthy
A: see invisible, deformed body, poison resistance, slowness 2, slow metabolism
1, spit poison 2, AC +1
a: Spit Poison


You were on level 2 of the Dungeon.
You were hungry.

You visited 1 branch of the dungeon, and saw 2 of its levels.

You collected 97 gold pieces.

Inventory:

Hand Weapons
 a - a +1 dagger (weapon)
Missiles
 s - a throwing net (quivered)
Armour
 b - a +1 robe (worn)
Jewellery
 v - a +3 ring of intelligence (left hand)
Scrolls
 g - 3 scrolls of noise {unknown}
 h - 2 scrolls of identify {unknown}
 j - a scroll of fear {unknown}
 k - a scroll of remove curse {unknown}
 l - a scroll of teleportation {unknown}
 n - a scroll of enchant armour {unknown}
 q - a scroll of immolation {unknown}
 t - a scroll of recharging {unknown}
Potions
 e - a potion of curing {unknown}
 i - a potion of invisibility {unknown}
 m - a potion of agility {unknown}
 o - a potion of lignification {unknown}
 r - a potion of brilliance {unknown}
Books
 c - a book of Maledictions

   Spells                             Type                      Level
   a - Corona                         Hexes                        1
   b - Ensorcelled Hibernation        Hexes/Ice                    2
   c - Confuse                        Hexes                        3
   d - Tukima's Dance                 Hexes                        3
   e - Dazzling Spray                 Conjuration/Hexes            3
Comestibles
 d - 2 bread rations
 f - a slice of pizza
 p - 2 chunks of flesh
 u - 2 meat rations


   Skills:
 - Level 1.0 Short Blades
 - Level 1.5 Dodging
 - Level 4.4 Stealth
 - Level 2.0 Spellcasting
 + Level 4.6 Hexes


You had 2 spell levels left.
You knew the following spells:

 Your Spells              Type           Power        Failure   Level  Hunger
a - Corona                Hex            ###....      2%          1    #......
b - Confuse               Hex            ###.....     10%         3    ###....


Dungeon Overview and Level Annotations

Branches:
Dungeon (2/15)

Altars:
Gozag


Innate Abilities, Weirdness & Mutations

You cannot wear boots.
Your serpentine skin is tough (AC +1).
You have supernaturally acute eyesight.
Armour fits poorly on your strangely shaped body.
Your system is resistant to poisons.
You cover ground very slowly.
You have a slow metabolism.
You can spit poison.


Message History

You have got your breath back.
Casting: Confuse
Confirm with . or Enter, or press ? or * to list all spells.
Aiming: Confuse
Press: ? - help, Shift-Dir - straight line, f - gnoll, p - gnoll
Aim: a gnoll, wielding a halberd (chance to defeat MR: 57%)
The gnoll resists with significant effort.
You are feeling hungry.
The gnoll hits you but does no damage.
Press: ? - help, Shift-Dir - straight line, f/p - gnoll
Aim: a gnoll, wielding a halberd The splash of poison hits the gnoll.
The gnoll is poisoned.
The gnoll is heavily wounded.
You feel slightly more hungry.
The gnoll hits the gnoll but does no damage.
The gnoll hits you but does no damage. x2
The gnoll hits you. The gnoll closely misses you.
The gnoll hits you from afar with a halberd!
You die...

#.#........#.#
#####.#....#...#.#
#...........>.....
#).........#.#.#.#
#..........+......
#..........#####.#
#...............##
#..........######
#@.........####
#.ggg.........#
#.............#
#.............#
#.......##....#
#.......#######
#......<#
#########


You could see 3 gnolls.

Vanquished Creatures
  2 gnolls
  An ooze (D:2)
  2 worms
  A giant gecko (D:1)
  5 bats
  A giant cockroach (D:2)
  4 goblins
  2 hobgoblins
  A ball python (D:1)
  3 kobolds
  7 rats
29 creatures vanquished.

Notes
Turn   | Place    | Note
--------------------------------------------------------------
     0 | D:1      | st0uf the Naga Enchanter began the quest for the Orb.
     0 | D:1      | Reached XP level 1. HP: 15/15 MP: 3/3
     2 | D:1      | Noticed a tengu
     2 | D:1      | Noticed a spriggan
     4 | D:1      | Noticed a vine stalker
     4 | D:1      | Noticed a demigod
     7 | D:1      | Noticed an octopode
     9 | D:1      | Noticed a naga
     9 | D:1      | Noticed a centaur
    11 | D:1      | Noticed a demonspawn
    13 | D:1      | Noticed a dwarf
    13 | D:1      | Noticed a formicid
    15 | D:1      | Noticed a draconian
    15 | D:1      | Noticed an ogre
    17 | D:1      | Noticed an elf
    17 | D:1      | Noticed a troll
    19 | D:1      | Noticed a felid
    19 | D:1      | Noticed a human
    21 | D:1      | Noticed a minotaur
    21 | D:1      | Noticed a ghoul
    25 | D:1      | Noticed a merfolk
    27 | D:1      | Noticed a vampire
    27 | D:1      | Noticed a gargoyle
   144 | D:1      | Reached XP level 2. HP: 5/22 MP: 3/5
   695 | D:1      | Reached XP level 3. HP: 26/28 MP: 6/6
   940 | D:2      | Found an opulent altar of Gozag.
  1139 | D:2      | Learned a level 3 spell: Confuse
  1469 | D:2      | Slain by a gnoll

Vault maps used:
D:1:      kb_arrival_jail, hangedman_decor_push, serial_bayou_crossing
D:2:      marbit_many_paths, ecumenical_altar_1,
          nicolae_gozag_cash_rules_everything_around_me

Action                   || total
-------------------------++-------
Melee: Dagger            ||    48
 Cast: Corona            ||    12
       Confuse           ||     5
 Abil: Spit Poison       ||    42
 Stab: Confused          ||     1
  Eat: Chunk             ||     2
       Beef jerky        ||     1
